 Dungeon Crawl Stone Soup version 0.21-a0-270-g8204059 (webtiles) character file.

749 Gagarin the Gusty (level 7, -6/50 HPs)
             Began as a Black Draconian Air Elementalist on Sept 14, 2017.
             Mangled by an orc warrior
             ... wielding a +0 short sword
              (19 damage)
             ... on level 4 of the Dungeon.
             The game lasted 00:22:36 (4830 turns).

Gagarin the Gusty (DrAE)                            Turns: 4830, Time: 00:22:40

Health: -6/50      AC:  6    Str: 11    XL:     7   Next: 48%
Magic:  0/13       EV: 13    Int: 17    God:
Gold:   82         SH:  0    Dex: 11    Spells: 8/14 levels left

rFire    . . .     SeeInvis +   z - +0 long sword
rCold    + + .     Gourm    .   (no shield)
rNeg     . . .     Faith    .   (armour unavailable)
rPois    .         Spirit   .   (helmet restricted)
rElec    +         Reflect  .   q - scarf {rC+ rF+}
rCorr    .         Harm     .   (no gloves)
MR       .....                  (no boots)
Stlth    ++........             (no amulet)
HPRegen  0.16/turn              c - ring of ice
MPRegen  0.13/turn              i - ring of see invisible

@: short of breath, very slightly contaminated
A: breathe lightning, unfitting armour, electricity resistance, cold-blooded, AC
+6
a: Breathe Lightning


You were on level 4 of the Dungeon.
You were not hungry.

You visited 1 branch of the dungeon, and saw 4 of its levels.
You also visited: Ossuary.

You collected 82 gold pieces.

Inventory:

Hand Weapons
 z - a +0 long sword (weapon)
Armour
 q - a scarf of resistance (worn)
Jewellery
 c - a ring of ice (left hand)
 i - a ring of see invisible (right hand)
 n - an uncursed ring of resist corrosion {unknown}
Wands
 B - a wand of digging (18/24)
Scrolls
 d - 2 scrolls of noise {unknown}
 e - 2 scrolls of remove curse
 g - 7 scrolls of identify {unknown}
 k - 2 scrolls of immolation {unknown}
 m - 4 scrolls of teleportation {unknown}
 o - a scroll of recharging {unknown}
 p - a scroll of enchant weapon {unknown}
 t - 2 scrolls of enchant armour {unknown}
 x - a scroll of amnesia {unknown}
 y - a scroll of fog {unknown}
 A - a scroll of random uselessness {unknown}
Potions
 j - 5 potions of mutation {unknown}
 l - 2 potions of magic {unknown}
 r - 10 potions of degeneration {unknown}
 s - 2 potions of heal wounds {unknown}
 u - a potion of brilliance {unknown}
 v - 6 potions of curing {unknown}
 w - a potion of flight {unknown}
Books
 a - a book of Air

   Spells                             Type                      Level
   a - Shock                          Conjuration/Air              1
   b - Swiftness                      Charms/Air                   2
   c - Static Discharge               Conjuration/Air              3
   d - Airstrike                      Air                          4
   e - Lightning Bolt                 Conjuration/Air              5
Comestibles
 b - 2 bread rations
 f - 3 fruits
 h - 2 meat rations


   Skills:
 + Level 4.0 Dodging
 - Level 1.7 Stealth
 + Level 4.2 Spellcasting
 + Level 4.1 Conjurations
 + Level 6.1 Air Magic


You had 8 spell levels left.
You knew the following spells:

 Your Spells              Type           Power        Failure   Level  Hunger
a - Shock                 Conj/Air       ###.         1%          1    None
b - Swiftness             Chrm/Air       ##......     7%          2    ##.....
c - Static Discharge      Conj/Air       ###.....     5%          3    ###....


Dungeon Overview and Level Annotations

Branches:
Dungeon (4/15)
 Temple: D:4-7

Altars:
Cheibriados
Makhleb
Wu Jian
Xom


Innate Abilities, Weirdness & Mutations

You can breathe wild blasts of lightning.
Your glossy black scales are hard. (AC +6)
You cannot fit into any form of body armour.
You are resistant to electric shocks. (rElec)
You are cold-blooded and may be slowed by cold attacks.


Message History

The orc warrior hits you with a short sword!
You closely miss the orc warrior.
The orc warrior hits you with a short sword.
The orc warrior hits you with a short sword!
The orc hits you with a whip.
* * * LOW HITPOINT WARNING * * *
You breathe a wild blast of lightning!
The zap hits the orc warrior.
The orc warrior is lightly wounded.
The orb of electricity explodes!
The orb of electricity engulfs you! You resist.
* * * LOW HITPOINT WARNING * * *
The orb of electricity engulfs the orc warrior.
The orc warrior is moderately wounded.
The orb of electricity engulfs the orc.
You kill the orc!
You feel somewhat more hungry.
You hear a shout! x2; You hear an angry hiss.
You hear a shout! x2
You hear an angry hiss.
The orc warrior hits you with a short sword!!
You die...

#. #### #.# #..### #.#
######..... # #.#
#..##∩_.... #
#.###.######.####.....
.......##......##...###
##.##..##.###.#.####.##
##.............#).......
......)@##.##..##...#...
##..##o###.##..###.#####
# ... ####### #<[# ###.
##.# .. #.# #. #.# ##
#.#### #..<.. ######


You could see an orc warrior.

Vanquished Creatures
  A phantom (D:4)
  Blork the orc (D:4)
  A centaur zombie (Ossuary)
  A hound (D:4)
  3 human zombies (Ossuary)
  An orc wizard (D:3)
  Natasha (thrice) (D:3)
  A worker ant (D:4)
  A big kobold zombie (Ossuary)
  A hound skeleton (D:4)
  3 mummies (Ossuary)
  Robin (D:3)
  5 gnolls
  6 adders
  An ooze (D:2)
  3 worms
  3 dart slugs
  4 leopard geckos
  7 orcs
  A ball python (D:2)
  8 bats
  3 giant cockroaches
  A gnoll zombie (Ossuary)
  8 hobgoblins
  26 jackals
  A quokka (D:2)
  2 frilled lizards
  10 goblins
  A goblin zombie (Ossuary)
  A jackal skeleton (D:4)
  7 kobolds
  An orc zombie (Ossuary)
  3 rats
120 creatures vanquished.

Notes
Turn   | Place    | Note
-------+----------+-------------------------------------------
     0 | D:1      | Gagarin the Draconian Air Elementalist began the quest for the Orb.
     0 | D:1      | Reached XP level 1. HP: 14/14 MP: 3/3
   246 | D:1      | Reached XP level 2. HP: 19/20 MP: 0/5
   951 | D:1      | Learned a level 2 spell: Swiftness
  1148 | D:1      | Reached XP level 3. HP: 26/26 MP: 2/6
  1347 | D:2      | Found a snail-covered altar of Cheibriados.
  1553 | D:2      | Reached XP level 4. HP: 29/33 MP: 2/8
  2168 | D:2      | Found an ornate altar of the Wu Jian Council.
  2290 | D:2      | Found a shimmering altar of Xom.
  2296 | D:2      | Found a shimmering altar of Xom.
  2296 | D:2      | Found a shimmering altar of Xom.
  2296 | D:2      | Found a shimmering altar of Xom.
  2297 | D:2      | Found a shimmering altar of Xom.
  2297 | D:2      | Found a shimmering altar of Xom.
  2704 | D:3      | Reached skill level 4 in Air Magic
  2704 | D:3      | Reached XP level 5. HP: 37/38 MP: 6/9
  3263 | D:3      | Noticed Robin
  3268 | D:3      | Killed Robin
  3338 | D:3      | Noticed Natasha
  3354 | D:3      | Killed Natasha
  3418 | D:3      | Reached XP level 6. HP: 45/45 MP: 7/10
  3455 | D:3      | Noticed Natasha
  3461 | D:3      | Killed Natasha
  3561 | D:3      | Noticed Natasha
  3568 | D:3      | Killed Natasha
  3732 | D:4      | Found a burning altar of Makhleb.
  3829 | D:4      | Found a sand-covered staircase.
  3838 | Ossuary  | Entered an ossuary
  4339 | Ossuary  | Your scales start taking on a glossy black colour.
  4339 | Ossuary  | Reached skill level 5 in Air Magic
  4339 | Ossuary  | Reached XP level 7. HP: 44/50 MP: 4/12
  4339 | Ossuary  | Gained mutation: You are resistant to electric shocks. (rElec) [Black Draconian growth]
  4419 | D:4      | Learned a level 3 spell: Static Discharge
  4539 | D:4      | Noticed Blork the orc
  4549 | D:4      | Killed Blork the orc
  4782 | D:4      | Reached skill level 6 in Air Magic
  4830 | D:4      | Mangled by an orc warrior

Vault maps used:
D:1:      giann_wishing_wells
D:2:      xom_redecorated, nicolae_overflow_hidden_temple,
          kennysheep_slug_shrine
D:3:      uniq_robin, uniq_natasha
D:4:      grunt_temple_overflow_growth_and_decay,
          nicolae_ossuary_entry_monument, serial_shops, shop,
          makhleb_heckhound_becter, uniq_blork_the_orc
Ossuary:  ossuary_crypta

Skill      XL: |  1  2  3  4  5  6  7 |
---------------+----------------------+-----
Dodging        | 2 3 4 |  4.0
Conjurations   | 2 3 4 |  4.1
Air Magic      | 4 5 6 |  6.1
Spellcasting   | 3 4 |  4.2
Stealth        | |  1.7

Action                   |  1- 3 |  4- 6 |  7- 9 || total
-------------------------+-------+-------+-------++-------
Melee: Unarmed           |    65 |       |       ||    65
       Tailslap          |     6 |    12 |     1 ||    19
       Short sword       |    20 |   112 |       ||   132
       Long sword        |       |    24 |    13 ||    37
 Cast: Shock             |    37 |   150 |    28 ||   215
       Static Discharge  |       |       |     4 ||     4
       Swiftness         |       |       |     1 ||     1
 Abil: Breathe Lightning |       |       |     2 ||     2
  Use: Scroll            |       |     1 |       ||     1
 Stab: Sleeping          |       |     5 |       ||     5
  Eat: Chunk             |     3 |     8 |     3 ||    14
Armor: Skin              |    35 |    68 |     6 ||   109
Dodge: Dodged            |    89 |   131 |    17 ||   237
       Rpst.: Long sword |       |     9 |     9 ||    18

Table legend:
 A = Spawn XP
 B = Non-spawn XP
 C = Spawn XP percentage of total XP
 D = Spawn monster count
 E = Non-spawn monster count
 F = Spawn count percentage of total count
 G = Total turns spent on level
                    A         B        C        D         E        F      G
               +---------+---------+-------+---------+---------+-------+---------
         Total |       0 |    1070 |   0.0 |       0 |     120 |   0.0 |  4830
               +---------+---------+-------+---------+---------+-------+---------
           D:1 |       0 |      53 |   0.0 |       0 |      22 |   0.0 |  1434
           D:2 |       0 |     127 |   0.0 |       0 |      22 |   0.0 |  1240
           D:3 |       0 |     302 |   0.0 |       0 |      54 |   0.0 |  1215
           D:4 |       0 |     337 |   0.0 |       0 |      11 |   0.0 |   368
       Ossuary |       0 |     251 |   0.0 |       0 |      11 |   0.0 |   573
               +---------+---------+-------+---------+---------+-------+---------
